 Dungeon Crawl Stone Soup version 0.29-a0-1009-g60c99734e7 (webtiles) character file.

Game seed: 2938022703715792927

22348 zishaf the Covert (level 12, -14/103 HPs)
             Began as a Vampire Enchanter on Aug 8, 2022.
             Was a High Priest of Wu Jian.
             Demolished by a death yak (17 damage)
             ... on level 2 of the Lair of Beasts.
             The game lasted 00:27:03 (14004 turns).

zishaf the Covert (Vampire Enchanter)              Turns: 14004, Time: 00:27:04

Health: -14/103    AC: 12    Str:  7    XL:     12   Next: 62%
Magic:  12/21      EV: 12    Int: 28    God:    Wu Jian [*****.]
Gold:   1426       SH:  0    Dex: 15    Spells: 15/23 levels left

rFire   . . .      SeeInvis +   D - +4 dagger "Joczaug" {vorpal, rPois rN+}
rCold   . . .      Faith    .   (no shield)
rNeg    + . .      Spirit   .   F - +0 steam dragon scales
rPois   +          Reflect  .   v - +0 helmet
rElec   .          Harm     .   k - +1 cloak {rPois}
rCorr   .          Rampage  .   h - +1 pair of gloves
Will    +....                   r - +0 pair of boots
Stlth   +++++.....              (no amulet)
HPRegen 0.47/turn               n - +6 ring of intelligence
MPRegen 0.17/turn               (no ring)

@: confusing by touch, healing quickly
A: alive, fangs 3, see invisible, vampiric 2
a: Exsanguinate, Renounce Religion, Wall Jump, Serpent's Lash, Heavenly Storm


You were on level 2 of the Lair of Beasts.
You worshipped Wu Jian.
Wu Jian was extremely pleased with you.
You visited 2 branches of the dungeon, and saw 12 of its levels.

You collected 1426 gold pieces.

Inventory:

Hand Weapons
 b - a +3 dagger
 D - the +4 dagger "Joczaug" (weapon) {vorpal, rPois rN+}
   (You found it on level 6 of the Dungeon)

   It inflicts extra damage upon your enemies.
   rPois:     It protects you from poison.
   rN:        It protects you from negative energy.
 I - a +4 short sword
Armour
 h - a +1 pair of gloves (worn)
 k - a +1 cloak of poison resistance (worn)
 r - a +0 pair of boots (worn)
 v - a +0 helmet (worn)
 F - +0 steam dragon scales (worn)
Jewellery
 n - a +6 ring of intelligence (left hand)
Wands
 a - a wand of flame (33)
 s - a wand of mindburst (7)
 t - a wand of polymorph (21)
 w - a wand of charming (21)
 B - a wand of iceblast (8)
 H - a wand of quicksilver (9)
Scrolls
 d - 6 scrolls of magic mapping
 g - a scroll of immolation
 q - 3 scrolls of amnesia
 y - a scroll of fear
 C - a scroll of silence
 G - a scroll of enchant armour
 J - a scroll of brand weapon
Potions
 c - 6 potions of invisibility
 e - 2 potions of attraction
 f - 3 potions of ambrosia
 i - 3 potions of heal wounds
 j - 8 potions of curing
 l - 3 potions of magic {unknown}
 o - 5 potions of might
 p - a potion of cancellation {unknown}
 u - 4 potions of brilliance {unknown}
 x - 2 potions of lignification {unknown}
 z - a potion of flight {unknown}
 A - 4 potions of degeneration
 E - 2 potions of mutation {unknown}
 K - a potion of haste {unknown}


   Skills:
 + Level 12.4 Fighting
 - Level 6.0 Short Blades
 - Level 3.0 Armour
 - Level 2.1 Dodging
 - Level 13.0 Stealth
 - Level 6.0 Spellcasting
 - Level 12.0 Hexes
 - Level 7.0 Ice Magic
 - Level 4.0 Evocations


You had 15 spell levels left.
You knew the following spells:

 Your Spells              Type           Power      Damage    Failure   Level
a - Ensorcelled Hibernat  Hex/Ice        100%       N/A       1%          2
b - Tukima's Dance        Hex            66%        N/A       1%          3
A - Confusing Touch       Hex            66%        N/A       1%          3

Your spell library contained the following spells:

 Spells                   Type           Power      Damage    Failure   Level
 Dazzling Flash           Conj/Hex       84%        N/A       1%          3
 Magic Dart               Conj           32%        1d4       6%          1
 Call Imp                 Summ           8%         N/A       9%          2
 Mephitic Cloud           Conj/Pois/Air  8%         N/A       19%         3
 Iskenderun's Battlesphe  Conj           8%         2d6       86%         5
 Iron Shot                Conj/Erth      4%         9d2       100%        6
 Spellforged Servitor     Conj/Summ      4%         N/A       100%        7


Dungeon Overview and Level Annotations

Branches:
Dungeon (10/15)            Temple (0/1) D:5            Lair (2/5) D:8
    Orc (0/2) D:9
  Swamp: Lair:2-3    Shoals: Lair:2-3     Snake: Lair:2-3    Spider: Lair:2-3

Altars:
Cheibriados
Fedhas
Hepliaklqana
Kikubaaqudgha
Nemelex Xobeh
Okawaru
Qazlal
Ru
Sif Muna
Trog
Uskayaw
Wu Jian
Xom

Shops:
D:10 (

Annotations:
D:8 1 runed translucent door


Innate Abilities, Weirdness & Mutations

Your natural rate of healing is accelerated.
You have razor-sharp teeth.
You have supernaturally acute eyesight. (SInv)
You are afflicted with vampirism and can become a bat while bloodless.


Message History

Casting: Ensorcelled Hibernation (safe; 1% risk of failure)
Confirm with . or Enter, or press ? or * to list all spells.
Aiming: Ensorcelled Hibernation (safe; 1% risk of failure)
Press: ? - help, Shift-Dir - straight line, f/p - death yak
Aim: a death yak (chance to affect: 10%)
The death yak resists with almost no effort.
The death yak bellows!
The death yak gores you!! The death yak attacks as you move away!
The death yak barely misses you. The death yak attacks as you move away!
The death yak closely misses you. The death yak attacks as you move away!
The death yak gores you!
As you read the scroll of fear, it crumbles to dust.
You assume a fearsome visage.
The death yak resists with some effort.
The death yak looks frightened!
The death yak resists with almost no effort.
The death yak looks frightened!
Casting: Ensorcelled Hibernation (safe; 1% risk of failure)
Confirm with . or Enter, or press ? or * to list all spells.
Your hands begin to glow red.
The death yak gores you.
You hit the death yak but do no damage. The death yak gores you!
You hit the death yak but do no damage.
The death yak gores you but does no damage.
The death yak bellows!
You hit the death yak but do no damage. You hit the death yak but do no damage.
The death yak appears confused.
The death yak gores you!! x2
* * * LOW HITPOINT WARNING * * *
Casting: Confusing Touch (safe; 1% risk of failure)
Confirm with . or Enter, or press ? or * to list all spells.
Your hands begin to glow red.
The death yak gores you!
* * * LOW HITPOINT WARNING * * *
The death yak gores you.
* * * LOW HITPOINT WARNING * * *
Unknown command.
You hit the death yak but do no damage. Your bite misses the death yak.
The death yak gores you but does no damage.
You barely miss the death yak. You hit the death yak but do no damage.
The death yak closely misses you. The death yak gores you!
You die...

#### #.......PP......###
.#P##P................#
...........##..#.....## .....
..+##..P....#####....## #Y...
<.......#..#######....# #..YY
........#..P##.#......# #Y...
...................[..## ##Y..^
........#........Y.....# .....
................@....P## #....
...###..P..(.....Y....#######....
....................YY.Y.YY......
#######..#####..#####P..##..#.#.#
#.### #### ############# ###


You could see 5 death yaks.

Vanquished Creatures
  A boulder beetle (Lair:1)
  A catoblepas (Lair:1)
  A hydra (Lair:1)
  5 two-headed ogres
  Pikel (D:8)
  A cyclops (D:8)
  A cane toad (Lair:1)
  4 unseen horror zombies (D:9)
  Maggie (D:7)
  3 komodo dragons
  A rime drake (Lair:1)
  3 trolls
  9 blink frogs (Lair:1)
  2 shadows (D:9)
  7 wyverns
  A steam dragon (D:8)
  20 yaks
  Menkaure (D:7)
  2 acid dragons
  10 water moccasins
  An ice beast (D:6)
  3 orc warriors (D:8)
  6 sky beasts
  2 black bears
  A hornet zombie (D:9)
  An ogre (D:6)
  4 centaurs
  A phantom (D:5)
  5 kobold brigands
  2 lemures (D:8)
  9 bullfrogs
  2 gnoll sergeants (D:8)
  A wyvern zombie (D:5)
  3 necrophages (D:5)
  17 wights
  A troll zombie (D:9)
  13 killer bees
  7 electric eels
  4 howler monkeys
  A bullfrog zombie (D:5)
  5 centaur zombies
  2 jellies
  5 hounds
  Crazy Yiuf (D:4)
  4 orc priests
  A gnoll bouda (D:8)
  Terence (D:3)
  Ijyb (D:3)
  Natasha (thrice) (D:3)
  7 iguanas
  4 orc wizards
  A killer bee zombie (D:5)
  5 ogre zombies (D:9)
  2 howler monkey zombies
  3 gnolls (D:5)
  6 adders
  2 shadow imps
  2 white imps
  2 worms
  3 dart slugs
  20 orcs
  5 bats
  4 endoplasms
  4 giant cockroaches
  11 goblins
  8 hobgoblins
  3 jackals (D:3)
  4 quokkas
  8 ball pythons
  6 frilled lizards
  A goblin skeleton (D:9)
  2 goblin zombies (D:9)
  2 hobgoblin skeletons (D:9)
  A hobgoblin zombie (D:9)
  19 kobolds
  An orc skeleton (D:9)
  12 orc zombies (D:9)
  21 rats (D:3)
351 creatures vanquished.

Vanquished Creatures (collateral kills)
  2 orcs (D:6)
2 creatures vanquished.

Vanquished Creatures (others)
  An orc wizard (D:8)
  3 bushes (D:5)
  10 fungi
  29 plants
  3 withered plants (D:9)
46 creatures vanquished.

Grand Total: 399 creatures vanquished

Notes
Turn   | Place    | Note
-------+----------+-------------------------------------------
     0 | D:1      | zishaf the Vampire Enchanter began the quest for the Orb.
     0 | D:1      | Reached XP level 1. HP: 13/13 MP: 3/3
    30 | D:1      | You fall into a shaft and drop 1 floor!
    30 | D:2      | Found an ornate altar of the Wu Jian Council.
    32 | D:2      | Became a worshipper of the Wu Jian Council
   188 | D:1      | Reached XP level 2. HP: 20/20 MP: 5/5
   194 | D:1      | Learned a level 2 spell: Ensorcelled Hibernation
   475 | D:1      | Reached skill level 1 in Fighting
   568 | D:1      | Reached skill level 5 in Stealth
   627 | D:1      | Gained mutation: You are afflicted with vampirism and can
                  | become a bat while bloodless. [Vampire growth]
   627 | D:1      | Reached XP level 3. HP: 26/26 MP: 1/6
   778 | D:1      | Learned a level 3 spell: Confusing Touch
  1042 | D:2      | Reached * piety under Wu Jian
  1114 | D:2      | Reached skill level 5 in Hexes
  1390 | D:2      | Reached XP level 4. HP: 32/32 MP: 7/7
  1475 | D:2      | Found a faded altar of an unknown god.
  1534 | D:2      | Reached skill level 1 in Ice Magic
  1883 | D:3      | Noticed Natasha
  1886 | D:3      | Killed Natasha
  1946 | D:3      | Noticed Natasha
  1948 | D:3      | Killed Natasha
  2207 | D:3      | Found a shimmering blue altar of Sif Muna.
  2330 | D:3      | Reached ** piety under Wu Jian
  2331 | D:3      | Reached XP level 5. HP: 38/38 MP: 8/8
  2599 | D:3      | Noticed Ijyb
  2610 | D:3      | Killed Ijyb
  2683 | D:3      | Noticed Terence
  2688 | D:3      | Killed Terence
  2767 | D:3      | Noticed Natasha
  2793 | D:3      | Killed Natasha
  2794 | D:3      | Reached skill level 6 in Stealth
  2887 | D:3      | Reached XP level 6. HP: 44/44 MP: 4/9
  3239 | D:4      | Found a runed translucent door.
  3240 | D:4      | Noticed Crazy Yiuf
  3397 | D:4      | Identified the +0 ring mail of the Dropbear {rPois}
  3493 | D:4      | Found an iron altar of Okawaru.
  4064 | D:4      | Killed Crazy Yiuf
  4099 | D:5      | Entered Level 5 of the Dungeon
  4102 | D:5      | Noticed a water moccasin
  4113 | D:4      | Killed a water moccasin
  4206 | D:5      | Learned a level 3 spell: Tukima's Dance
  4298 | D:5      | Reached XP level 7. HP: 50/51 MP: 4/10
  4359 | D:5      | Found a staircase to the Ecumenical Temple.
  4421 | D:5      | Reached skill level 7 in Stealth
  4446 | D:5      | Found a hazy altar of Hepliaklqana.
  4536 | D:5      | Reached skill level 1 in Evocations
  4704 | D:5      | Reached XP level 8. HP: 33/59 MP: 11/11
  5129 | D:5      | Found a blossoming altar of Fedhas.
  5247 | D:5      | Reached *** piety under Wu Jian
  5248 | D:5      | Reached skill level 5 in Short Blades
  5791 | D:6      | Identified the +4 dagger "Joczaug" {vorpal, rPois rN+}
  6246 | D:6      | Reached XP level 9. HP: 57/66 MP: 8/12
  6365 | D:6      | Reached skill level 5 in Ice Magic
  6614 | D:6      | Reached skill level 5 in Fighting
  6878 | D:7      | Noticed Menkaure
  6944 | D:7      | Killed Menkaure
  7016 | D:7      | Noticed Maggie
  7022 | D:7      | Killed Maggie
  7121 | D:7      | Found a sacrificial altar of Ru.
  7240 | D:7      | Reached skill level 10 in Hexes
  7325 | D:7      | Found a stormy altar of Qazlal.
  7451 | D:7      | Reached **** piety under Wu Jian
  7787 | D:8      | Found a runed translucent door.
  7815 | D:8      | Reached XP level 10. HP: 77/77 MP: 6/13
  7936 | D:8      | Found a staircase to the Lair.
  8224 | D:8      | Noticed Pikel
  8233 | D:8      | Killed Pikel
  8234 | D:8      | Reached skill level 8 in Stealth
  8385 | D:8      | Noticed a two-headed ogre
  8393 | D:8      | Killed a two-headed ogre
  8394 | D:8      | Reached skill level 9 in Stealth
  8457 | D:8      | Found a snail-covered altar of Cheibriados.
  8551 | D:8      | Found a sparkling altar of Nemelex Xobeh.
  8779 | D:8      | Found a runed translucent door.
  9011 | D:8      | Reached skill level 10 in Stealth
  9199 | D:8      | Noticed a cyclops
  9407 | D:8      | Killed a cyclops
  9408 | D:8      | Reached XP level 11. HP: 89/89 MP: 11/14
  9765 | D:9      | Reached ***** piety under Wu Jian
  9773 | D:9      | Reached skill level 1 in Armour
  9891 | D:9      | Identified a scroll of acquirement
  9891 | D:9      | Acquired 601 gold pieces
 10170 | D:9      | Found a staircase to the Orcish Mines.
 10405 | D:9      | Noticed a two-headed ogre
 10410 | D:9      | Killed a two-headed ogre
 10600 | D:9      | Found a shimmering altar of Xom.
 10600 | D:9      | Found a hide-covered altar of Uskayaw.
 11438 | D:10     | Entered Level 10 of the Dungeon
 11583 | D:10     | Reached skill level 10 in Fighting
 11584 | D:10     | Noticed a two-headed ogre
 11598 | D:10     | Killed a two-headed ogre
 11599 | D:10     | Reached skill level 5 in Spellcasting
 11925 | D:10     | Found a bloodstained altar of Trog.
 11963 | D:10     | Noticed a two-headed ogre
 11970 | D:10     | Killed a two-headed ogre
 12025 | D:10     | Found an ancient bone altar of Kikubaaqudgha.
 12116 | D:10     | Found Amoemugu's Antique Weapon Emporium.
 12201 | D:10     | Noticed a two-headed ogre
 12205 | D:10     | Killed a two-headed ogre
 12206 | D:10     | Reached XP level 12. HP: 68/99 MP: 18/21
 12428 | Lair:1   | Entered Level 1 of the Lair of Beasts
 12594 | Lair:1   | Noticed a boulder beetle
 12626 | Lair:1   | Killed a boulder beetle
 12627 | Lair:1   | Reached skill level 11 in Stealth
 12907 | Lair:1   | Reached skill level 12 in Stealth
 12908 | Lair:1   | Noticed a catoblepas
 13366 | Lair:1   | Noticed a four-headed hydra
 13372 | Lair:1   | Killed a four-headed hydra
 13436 | Lair:1   | Killed a catoblepas
 13437 | Lair:1   | Reached skill level 13 in Stealth
 13974 | Lair:2   | Noticed a death yak
 13975 | Lair:2   | Noticed a death yak
 13975 | Lair:2   | Noticed a death yak
 13976 | Lair:2   | Noticed a death yak
 13976 | Lair:2   | Noticed a death yak
 13984 | Lair:2   | Noticed a death yak
 14001 | Lair:2   | HP: 2/103 [death yak (4)]
 14004 | Lair:2   | Demolished by a death yak

Illustrated notes

Levels and vault maps discovered:
D:1:      amcnicky_arrival_blooded_trapdoor, layout_basic
D:2:      layout_loops_corners, basic_ecumenical_altar, basic_altar,
          serial_park_tiny_pond
D:3:      kennysheep_goblin_castle, layout_loops_ring, lemuel_tele_altar,
          minmay_rat_hole, uniq_natasha, uniq_terence, uniq_ijyb
D:4:      layout_basic, kennysheep_mini, uniq_crazy_yiuf_cottage
D:5:      cheibrodos_two_vegetables, layout_rooms, fedhas_altar_decomposition,
          general_overflow_altar, minmay_temple_entry_trees
D:6:      nicolae_cairo_tiling_large, layout_basic
D:7:      layout_basic, nicolae_ru_the_path_less_chosen,
          mainiacjoe_overflow_big_doors, uniq_menkaure, uniq_maggie
D:8:      cheibrodos_histonic, layout_basic, nemelex_altar_shiori,
          lemuel_doored_altar, minmay_lair_entry_grove, kennysheep_diamond,
          uniq_pikel
D:9:      layout_long_grid, grunt_temple_overflow_open, zombieorc1_lemuel,
          serial_undead, serial_undead_d, serial_undead_f, serial_undead_b,
          serial_undead_f, serial_undead_c, serial_undead_f, serial_undead_c,
          serial_undead_d, serial_undead_e, serial_undead_f
D:10:     layout_roguey, mainiacjoe_overflow_boulevard,
          mainiacjoe_overflow_alcove_2, serial_shops, nicolae_square_shop,
          blue_anna_alchemist
Lair:1:   wander_river, layout_regular_city
Lair:2:   layout_chaotic_city, chequers_serial_rivers_micro_a,
          beast_lair_carwin_1, uniq_fannar

Skill      XL: |  1  2  3  4  5  6  7  8  9 10 11 12 |
---------------+-------------------------------------+-----
Fighting       | 1 2 3 4 6 9 10 12 | 12.4
Stealth        | 5 6 7 10 13 | 13.0
Short Blades   | 2 3 4 5 6 |  6.0
Hexes          | 5 6 7 8 10 12 | 12.0
Ice Magic      | 1 2 3 4 6 7 |  7.0
Evocations     | 1 3 4 |  4.0
Armour         | 3 |  3.0
Spellcasting   | 6 |  6.0
Dodging        | |  2.1

Action                   |  1- 3 |  4- 6 |  7- 9 | 10-12 || total
-------------------------+-------+-------+-------+-------++-------
Melee: Dagger            |    83 |   133 |   241 |   405 ||   862
       Bite              |     5 |    14 |    42 |    47 ||   108
       Punch             |     1 |     2 |     5 |     6 ||    14
 Cast: Ensorcelled Hiber |    13 |    37 |    42 |   142 ||   234
       Confusing Touch   |       |     1 |    16 |    30 ||    47
       Tukima's Dance    |       |       |     2 |       ||     2
Invok: Lunge             |    17 |    20 |    25 |    46 ||   108
       Whirlwind         |       |     5 |    15 |    21 ||    41
Evoke: Wand              |       |       |    10 |       ||    10
  Use: Scroll            |       |    10 |     5 |     5 ||    20
 Stab: Sleeping          |    17 |    36 |    44 |   109 ||   206
       Confused          |       |     1 |    15 |    24 ||    40
       Distracted        |       |       |       |     1 ||     1
Armor: Robe              |    12 |    36 |    30 |       ||    78
       Steam dragon scal |       |       |    17 |   131 ||   148
Dodge: Dodged            |    41 |    78 |    90 |   207 ||   416

Table legend: (Time is in decaauts)
 A = Elapsed time spent in this place.
 B = Non-inter-level travel time spent in this place.
 C = Inter-level travel time spent in this place.
 D = Time resting spent in this place.
 E = Time spent auto-exploring this place.
 F = Levels seen in this place.
 G = Mean time per level.
                   A        B        C        D        E       F      G
               +--------+--------+--------+--------+--------+-----+--------+
         Total |  13867 |  13363 |    504 |   1029 |   9560 |  12 | 1155.6 |
       Dungeon |  12301 |  11803 |    498 |    853 |   8449 |  10 | 1230.1 |
          Lair |   1566 |   1561 |      5 |    176 |   1110 |   2 |  783.0 |
               +--------+--------+--------+--------+--------+-----+--------+

Top non-repeatable levels by time:
     D:8: 2105 daAuts
     D:9: 1694 daAuts
     D:6: 1460 daAuts
     D:4: 1234 daAuts
  Lair:1: 1220 daAuts
     D:3: 1187 daAuts
     D:5: 1172 daAuts
     D:2: 987 daAuts
    D:10: 937 daAuts
     D:1: 816 daAuts
     D:7: 704 daAuts
  Lair:2: 346 daAuts
